 Dungeon Crawl Stone Soup version 0.27-a0-887-gcab673c142 (webtiles) character file.

Game seed: 917810591473227499

494 rageheart7 the Skirmisher (level 6, -4/52 HPs)
             Began as a Demonspawn Monk on Apr 4, 2021.
             Was a Believer of Uskayaw.
             Slain by a wyvern zombie (10 damage)
             ... in an ossuary.
             The game lasted 00:04:18 (2817 turns).

rageheart7 the Skirmisher (Demonspawn Monk)         Turns: 2817, Time: 00:04:19

Health: -4/52      AC:  6    Str: 13    XL:     6   Next: 92%
Magic:  6/6        EV: 11    Int: 11    God:    Uskayaw [**....]
Gold:   116        SH:  0    Dex: 16    Spells: 5/5 levels left

rFire    + . .     SeeInvis .   a - +1 mace (freeze)
rCold    . . .     Faith    .   (no shield)
rNeg     . . .     Spirit   .   p - +0 ring mail
rPois    .         Reflect  .   (helmet restricted)
rElec    .         Harm     .   t - +0 cloak
rCorr    .         Rampage  .   (no gloves)
Will     .....                  (no boots)
Stlth    +.........             (no amulet)
HPRegen  0.17/turn              j - ring of protection from fire
MPRegen  0.10/turn              (no ring)

@: no status effects
A: antennae 1, claws 1, powered by death 2
a: Renounce Religion, Stomp, Line Pass


You were in an ossuary.
You worshipped Uskayaw.
Uskayaw was noncommittal.
You visited 1 branch of the dungeon, and saw 4 of its levels.
You also visited: Ossuary.

You collected 116 gold pieces.

Inventory:

Hand Weapons
 a - a +1 mace of freezing (weapon)
Armour
 p - a +0 ring mail (worn)
 t - a +0 cloak (worn)
Jewellery
 j - a ring of protection from fire (left claw)
Scrolls
 b - a scroll of teleportation {unknown}
 g - a scroll of amnesia
 m - 6 scrolls of identify {unknown}
 r - a scroll of holy word {unknown}
 u - a scroll of vulnerability {unknown}
 v - a scroll of acquirement {unknown}
Potions
 c - a potion of ambrosia {unknown}
 f - 2 potions of might
 i - a potion of curing {unknown}
 n - a potion of invisibility {unknown}
 o - a potion of attraction {unknown}


   Skills:
 * Level 5.9 Fighting
 * Level 5.4 Maces & Flails
 - Level 2.6 Dodging
 - Level 1.7 Stealth


You had 5 spell levels left.
You didn't know any spells.
Your spell library was empty.

Dungeon Overview and Level Annotations

Branches:
Dungeon (4/15)            Ossuary (1/1)
 Temple: D:4-7

Altars:
Gozag
Uskayaw

Shops:
D:4 *


Innate Abilities, Weirdness & Mutations

You have a pair of small antennae on your head.
You have sharp fingernails.
You regenerate health from kills.


Message History

A bog mummy comes into view.
You open the door.
A wyvern zombie comes into view. x2
You hit the wyvern zombie but do no damage.
The wyvern zombie closely misses you. The wyvern zombie barely misses you.
The wyvern zombie closely misses you.
You hit the wyvern zombie but do no damage.
The wyvern zombie bites you.
The wyvern zombie bites you but does no damage.
You can no longer pass through a line of other dancers.
You hit the wyvern zombie.
The wyvern zombie is lightly damaged.
The wyvern zombie bites you! The wyvern zombie barely misses you.
The wyvern zombie bites you! The wyvern zombie bites you.
You sock the wyvern zombie!
The wyvern zombie is moderately damaged.
The wyvern zombie bites you! x2
* * * LOW HITPOINT WARNING * * *
You can now pass through a line of other dancers.
You are too injured to fight recklessly!
You are too injured to fight recklessly!
You are too injured to fight recklessly!
You are too injured to fight recklessly!
You are too injured to fight recklessly!
You are too injured to fight recklessly!
You are too injured to fight recklessly!
You are too injured to fight recklessly!
You are too injured to fight recklessly!
You are too injured to fight recklessly!
You are too injured to fight recklessly!
You are too injured to fight recklessly!
You are too injured to fight recklessly!
You are too injured to fight recklessly!
You are too injured to fight recklessly!
You are too injured to fight recklessly!
You are too injured to fight recklessly!
You are too injured to fight recklessly!
You are too injured to fight recklessly!
The wyvern zombie bites you!
You die...

.#
###+#+#.≈.#
#.'≈M≈.≈M≈≈
###≈#####
#.'Z#...#
###.@.∩.#
#.'Z#..∩#
###.#####
'.'.#
##.### '.#
#.' '.# #.#


You could see 2 wyvern zombies.

Vanquished Creatures
  A howler monkey (D:4)
  3 bullfrog zombies (Ossuary)
  5 centaur zombies (Ossuary)
  A killer bee zombie (Ossuary)
  5 mummies (Ossuary)
  A howler monkey zombie (Ossuary)
  4 adders
  A worm (D:3)
  2 dart slugs
  4 bats
  3 endoplasms
  7 giant cockroaches (D:1)
  4 goblins
  2 hobgoblins (D:2)
  5 kobolds
  5 quokkas
  7 ball pythons
  A frilled lizard (D:2)
  3 rats
64 creatures vanquished.

Vanquished Creatures (collateral kills)
  A goblin (D:4)
1 creature vanquished.

Vanquished Creatures (others)
  3 withered plants (Ossuary)
3 creatures vanquished.

Grand Total: 68 creatures vanquished

Notes
Turn   | Place    | Note
-------+----------+-------------------------------------------
     0 | D:1      | rageheart7 the Demonspawn Monk began the quest for the Orb.
     0 | D:1      | Reached XP level 1. HP: 18/18 MP: 1/1
   293 | D:1      | Gained mutation: You regenerate a little health from kills.
                  | [demonic ancestry]
   293 | D:1      | Reached XP level 2. HP: 24/24 MP: 2/2
   463 | D:1      | Found a faded altar of an unknown god.
   481 | D:1      | Became a worshipper of Uskayaw the Reveller
   481 | D:1      | Reached * piety under Uskayaw
   481 | D:1      | Reached ** piety under Uskayaw
   730 | D:1      | Gained mutation: You have a pair of small antennae on your
                  | head. [demonic ancestry]
   730 | D:1      | Reached XP level 3. HP: 23/29 MP: 3/3
  1932 | D:3      | Gained mutation: You regenerate health from kills. [demonic
                  | ancestry]
  1932 | D:3      | Reached XP level 4. HP: 32/37 MP: 4/4
  2121 | D:3      | Noticed Sigmund
  2602 | D:4      | Found an opulent altar of Gozag.
  2605 | D:4      | Found Gozag's Platinum Reserve.
  2711 | D:4      | Found a sand-covered staircase.
  2719 | Ossuary  | Entered an ossuary
  2748 | Ossuary  | Gained mutation: You have sharp fingernails. [demonic
                  | ancestry]
  2748 | Ossuary  | Reached XP level 5. HP: 23/43 MP: 5/5
  2752 | Ossuary  | Reached *** piety under Uskayaw
  2758 | Ossuary  | Reached **** piety under Uskayaw
  2760 | Ossuary  | Reached skill level 5 in Fighting
  2760 | Ossuary  | Reached ***** piety under Uskayaw
  2764 | Ossuary  | Reached XP level 6. HP: 51/51 MP: 6/6
  2774 | Ossuary  | Reached ****** piety under Uskayaw
  2775 | Ossuary  | Reached skill level 5 in Maces & Flails
  2817 | Ossuary  | Slain by a wyvern zombie

Illustrated notes

Levels and vault maps discovered:
D:1:      minmay_arrival_four_circles, layout_basic,
          ebering_ecumenical_altar_box, chequers_garden
D:2:      layout_rooms, minivault_24, minivault_4, item_on_display_a
D:3:      layout_loops_ring, chequers_serial_rivers_small_3, uniq_sigmund
D:4:      layout_loops_ring, nicolae_gozag_zags_fifth_avenue,
          lemuel_coloured_pillars_altar, nicolae_overflow_crystal_walls,
          nicolae_yredelemnul_ghost_church, enter_ossuary_2,
          minmay_misc_feat_secret_circle
Ossuary:  ossuary_zaba_flooded

Skill      XL: |  1  2  3  4  5  6 |
---------------+-------------------+-----
Maces & Flails | 3 4 5 |  5.4
Fighting       | 4 5 |  5.9
Dodging        | |  2.6
Stealth        | |  1.7

Action                   |  1- 3 |  4- 6 || total
-------------------------+-------+-------++-------
Melee: Mace              |   153 |   100 ||   253
  Use: Scroll            |       |     8 ||     8
       Potion            |       |     2 ||     2
 Stab: Sleeping          |     6 |       ||     6
       Paralysed         |       |     2 ||     2
Armor: Robe              |    23 |       ||    23
       Ring mail         |    25 |    40 ||    65
       Skin              |       |    29 ||    29
Dodge: Dodged            |    97 |    71 ||   168

Table legend: (Time is in decaauts)
 A = Elapsed time spent in this place.
 B = Non-inter-level travel time spent in this place.
 C = Inter-level travel time spent in this place.
 D = Time resting spent in this place.
 E = Time spent auto-exploring this place.
 F = Levels seen in this place.
 G = Mean time per level.
                   A        B        C        D        E       F      G
               +--------+--------+--------+--------+--------+-----+--------+
         Total |   2876 |   2832 |     44 |     13 |   2088 |   5 |  575.2 |
       Dungeon |   2769 |   2725 |     44 |      0 |   2073 |   4 |  692.2 |
       Ossuary |    107 |    107 |      0 |     13 |     15 |   1 |  107.0 |
               +--------+--------+--------+--------+--------+-----+--------+

Top non-repeatable levels by time:
     D:3: 1002 daAuts
     D:1: 905 daAuts
     D:2: 704 daAuts
     D:4: 158 daAuts
 Ossuary: 107 daAuts
